 Dungeon Crawl Stone Soup version 0.22.1-2-g9c5b331 (webtiles) character file.

306 whitewolfNL the Cudgeler (level 6, -7/53 HPs)
             Began as a Minotaur Berserker on Nov 17, 2018.
             Was a Priest of Trog.
             Mangled by an ogre
             ... wielding a +0 giant club
              (10 damage)
             ... on level 4 of the Dungeon.
             The game lasted 00:14:55 (3079 turns).

whitewolfNL the Cudgeler (Minotaur Berserker)       Turns: 3079, Time: 00:14:56

Health: -7/53      AC: 10    Str: 22    XL:     6   Next: 16%
Magic:  5/5        EV:  9    Int:  5    God:    Trog [***...]
Gold:   113        SH:  0    Dex: 10    Spells: 5/5 levels left

rFire    . . .     SeeInvis +   y - +2 mace (protect)
rCold    . . .     Gourm    .   (no shield)
rNeg     . . .     Faith    .   n - +0 chain mail
rPois    .         Spirit   .   (helmet restricted)
rElec    .         Reflect  .   (no cloak)
rCorr    .         Harm     .   (no gloves)
MR       .....                  e - +0 pair of boots (curse)
Stlth    ..........             (no amulet)
HPRegen  0.17/turn              d - ring of flight
MPRegen  0.09/turn              x - ring of see invisible

@: no status effects
A: retaliatory headbutt, horns 2
a: Berserk, Trog's Hand, Renounce Religion, Evoke Flight


You were on level 4 of the Dungeon.
You worshipped Trog.
Trog was most pleased with you.
You were not hungry.

You visited 1 branch of the dungeon, and saw 4 of its levels.

You collected 113 gold pieces.

Inventory:

Hand Weapons
 y - a +2 mace of protection (weapon)
Missiles
 g - 50 arrows
 q - 2 throwing nets (quivered)
 u - 11 poisoned needles
Armour
 e - a cursed +0 pair of boots (worn)
 n - a +0 chain mail (worn)
Jewellery
 d - a ring of flight (left hand)
 x - a ring of see invisible (right hand)
Wands
 j - a wand of enslavement (19)
 m - a wand of iceblast (4)
Scrolls
 b - 2 scrolls of remove curse {unknown}
 h - 2 scrolls of magic mapping {unknown}
 i - 3 scrolls of identify {unknown}
 o - a scroll of immolation {unknown}
 p - a scroll of fear {unknown}
 r - a scroll of teleportation {unknown}
 t - a scroll of enchant armour {unknown}
Potions
 a - a potion of berserk rage {unknown}
 f - a potion of mutation {unknown}
 k - a potion of curing {unknown}
 l - a potion of flight {unknown}
 s - a potion of lignification {unknown}
 v - 2 potions of haste {unknown}
Comestibles
 c - 6 rations


   Skills:
 + Level 4.3 Fighting
 * Level 6.4 Maces & Flails
 + Level 3.2 Armour
 * Level 3.2 Dodging
 * Level 1.7 Stealth
 * Level 1.0 Evocations


You had 5 spell levels left.
You didn't know any spells.
Your spell library was empty.

Dungeon Overview and Level Annotations

Branches:
Dungeon (4/15)
 Temple: D:4-7

Altars:


Innate Abilities, Weirdness & Mutations

You reflexively headbutt those who attack you in melee.
You have a pair of horns on your head.


Message History

An ogre comes into view. It is wielding a giant club.
The ogre shouts!
You see here 17 gold pieces.
You feel sick.
You are no longer poisoned.
The ogre hits you with a giant club!
You barely miss the ogre. The ogre hits you with a giant club!!
* * * LOW HITPOINT WARNING * * *
You barely miss the ogre. The ogre hits you with a giant club!
* * * LOW HITPOINT WARNING * * *
Aiming: Iceblast
Press: ? - help, Shift-Dir - straight line
Okay, then.
Aiming: Iceblast
Press: ? - help, Shift-Dir - straight line
Okay, then.
Aiming: Enslavement
Press: ? - help, Shift-Dir - straight line The ogre resists with some effort.
The ogre hits you with a giant club!
You die...

#.###########
#.########...
#.#..><....#
#..........#
#..........#
##.........#
###.$.....#
#.......#
#.@.....#
#.O.....#
##....#.#
#....#..#
#....# ..
######


You could see an ogre.

Vanquished Creatures
  A bullfrog (D:3)
  An orc priest (D:3)
  Jessica (D:2)
  A worker ant (D:4)
  Robin (D:3)
  A gnoll (D:1)
  4 adders (D:3)
  An ooze (D:1)
  4 worms
  2 dart slugs
  4 leopard geckos
  7 orcs (D:3)
  13 goblins
  9 hobgoblins
  6 jackals (D:1)
  7 kobolds
  A quokka (D:3)
  7 bats
  3 frilled lizards
  6 rats
80 creatures vanquished.

Notes
Turn   | Place    | Note
-------+----------+-------------------------------------------
     0 | D:1      | whitewolfNL the Minotaur Berserker began the quest for the
                  | Orb.
     0 | D:1      | Reached XP level 1. HP: 19/19 MP: 0/0
   173 | D:1      | Reached skill level 4 in Maces & Flails
   173 | D:1      | Reached XP level 2. HP: 22/27 MP: 1/1
   312 | D:1      | Reached XP level 3. HP: 33/33 MP: 2/2
   739 | D:2      | Reached ** piety under Trog
   751 | D:2      | Noticed Jessica
   759 | D:2      | Killed Jessica
   759 | D:2      | Reached skill level 1 in Stealth
   759 | D:2      | Reached XP level 4. HP: 40/40 MP: 3/3
   855 | D:2      | Reached skill level 5 in Maces & Flails
  1547 | D:3      | Reached XP level 5. HP: 46/46 MP: 4/4
  2240 | D:3      | Reached skill level 6 in Maces & Flails
  2315 | D:3      | Reached skill level 1 in Evocations
  2725 | D:3      | Reached *** piety under Trog
  2749 | D:3      | Noticed Robin
  2757 | D:3      | Killed Robin
  2757 | D:3      | Reached XP level 6. HP: 53/53 MP: 5/5
  3079 | D:4      | Mangled by an ogre

Skill      XL: |  1  2  3  4  5 |
---------------+----------------+-----
Maces & Flails | 4 5 6 |  6.4
Fighting       | 4 |  4.3
Stealth        | 1 |  1.7
Armour         | 3 |  3.2
Dodging        | 3 |  3.2
Evocations     | 1 |  1.0

Action                   |  1- 3 |  4- 6 || total
-------------------------+-------+-------++-------
Melee: Mace              |    38 |   109 ||   147
       Headbutt          |     6 |    18 ||    24
Invok: Berserk           |     2 |     4 ||     6
Evoke: Wand              |       |     1 ||     1
  Eat: Chunk             |       |    12 ||    12
Armor: Ring mail         |    10 |       ||    10
       Chain mail        |     5 |    80 ||    85
Dodge: Dodged            |    27 |    47 ||    74
